[ AOE2 MATCH · #506412068 ]
UnrankedBerbers vs Shu
Player's team · WIN
Rival team · LOSS
[ REPLAY ANALYSIS · EXTRACTED FROM THE RECORDED GAME ]
Feudal
9:16
Castle
18:40
Imperial
37:39
| APM avg | 97.0 |
| APM peak | 155 |
| eAPM avg | 61.7 |
| Villagers / military | 205 / 212 |
Focus
⚔️ 62.8% · 🌾 37.2%
Knight ×140 · Genitour ×38 · Archer ×15 · Trebuchet (Packed) ×5 · Mangonel ×4 · Scout Cavalry ×4
Feudal
11:43
Castle
18:09
Imperial
36:47
| APM avg | 78.9 |
| APM peak | 133 |
| eAPM avg | 31.2 |
| Villagers / military | 190 / 183 |
Focus
⚔️ 42.3% · 🌾 57.7%
Archer ×101 · Spearman ×42 · Skirmisher ×26 · Unknown (1942) ×12 · Mangonel ×10 · Militia ×3
Match map
Initial resources + every placement click. Lines = walls · curves = elevation contours. ◆ gold · ⬟ stone · ● berries · ✦ relic · ◌ wall gap
Your base· Open — 6t gap
tomyam's base· ✓ Closed at 18:09 · 32t walls · 1 gate(s)
Smoothed initial terrain · ◌ = detected wall gap · hover for details
Inputs per minute
— Kiddo - - tomyam
Build order — Kiddo
First 150 of 645 actions detected
| 0:00 | Create | Villager (Male) |
| 0:01 | Create | Villager (Male) |
| 0:01 | Create | Villager (Male) |
| 0:02 | Build | House |
| 0:03 | Build | House |
| 0:07 | Create | Villager (Male) |
| 0:07 | Create | Villager (Male) |
| 1:25 | Create | Villager (Male) |
| 1:25 | Create | Villager (Male) |
| 1:51 | Create | Villager (Male) |
| 1:59 | Build | Lumber Camp |
| 2:28 | Create | Villager (Male) |
| 2:28 | Create | Villager (Male) |
| 2:49 | Create | Villager (Male) |
| 3:13 | Build | House |
| 3:14 | Build | House |
| 3:19 | Create | Villager (Male) |
| 3:39 | Create | Villager (Male) |
| 3:59 | Create | Villager (Male) |
| 3:59 | Create | Villager (Male) |
| 4:23 | Create | Villager (Male) |
| 5:04 | Create | Villager (Male) |
| 5:07 | Build | Mill |
| 5:14 | Build | Palisade Wall |
| 5:29 | Create | Villager (Male) |
| 5:32 | Build | Palisade Wall |
| 5:39 | Create | Villager (Male) |
| 5:39 | Research | Loom |
| 5:53 | Build | Palisade Wall |
| 6:16 | Build | Palisade Wall |
| 6:25 | Build | Palisade Wall |
| 6:44 | Build | Palisade Wall |
| 6:55 | Build | Palisade Wall |
| 7:06 | Research | Feudal Age |
| 7:39 | Build | House |
| 7:46 | Create | Villager (Male) |
| 8:38 | Build | Barracks |
| 8:52 | Create | Villager (Male) |
| 9:16 | Age | Feudal Age |
| 9:38 | Build | Archery Range |
| 9:41 | Research | Double-Bit Axe |
| 9:47 | Create | Villager (Male) |
| 10:13 | Create | Villager (Male) |
| 10:19 | Build | Mining Camp |
| 10:20 | Create | Archer |
| 10:21 | Create | Archer |
| 10:33 | Create | Villager (Male) |
| 10:57 | Build | Palisade Wall |
| 11:02 | Create | Skirmisher |
| 11:04 | Create | Villager (Male) |
| 11:09 | Build | House |
| 11:10 | Build | House |
| 11:11 | Build | House |
| 11:18 | Create | Archer |
| 11:35 | Build | House |
| 11:39 | Create | Villager (Male) |
| 11:49 | Create | Archer |
| 11:49 | Create | Archer |
| 11:55 | Create | Villager (Male) |
| 12:15 | Build | Farm |
| 12:16 | Build | Farm |
| 12:16 | Build | Farm |
| 12:17 | Create | Villager (Male) |
| 12:32 | Build | Palisade Wall |
| 12:33 | Build | Palisade Gate |
| 12:34 | Create | Villager (Male) |
| 12:37 | Build | Palisade Wall |
| 12:40 | Create | Archer |
| 13:03 | Build | Palisade Wall |
| 13:04 | Create | Villager (Male) |
| 13:08 | Build | Palisade Wall |
| 13:11 | Build | Palisade Wall |
| 13:12 | Build | Palisade Wall |
| 13:17 | Create | Villager (Male) |
| 13:30 | Build | Farm |
| 13:31 | Build | Farm |
| 13:35 | Build | Palisade Wall |
| 13:36 | Build | Palisade Gate |
| 13:44 | Build | Farm |
| 13:45 | Build | Farm |
| 13:56 | Create | Villager (Male) |
| 14:03 | Create | Archer |
| 14:14 | Create | Villager (Male) |
| 14:30 | Create | Archer |
| 14:34 | Build | Palisade Wall |
| 14:38 | Build | Farm |
| 14:39 | Build | Farm |
| 14:54 | Create | Villager (Male) |
| 14:59 | Build | Palisade Wall |
| 15:11 | Build | Blacksmith |
| 15:28 | Create | Villager (Male) |
| 15:42 | Create | Skirmisher |
| 15:47 | Build | Farm |
| 15:59 | Create | Skirmisher |
| 16:00 | Research | Castle Age |
| 16:08 | Research | Fletching |
| 16:09 | Research | Fletching |
| 16:21 | Build | House |
| 16:25 | Create | Archer |
| 16:25 | Create | Archer |
| 16:33 | Research | Horse Collar |
| 16:33 | Research | Horse Collar |
| 16:35 | Create | Archer |
| 16:36 | Create | Archer |
| 16:57 | Create | Archer |
| 17:03 | Research | Padded Archer Armor |
| 17:03 | Research | Padded Archer Armor |
| 17:11 | Build | Farm |
| 17:14 | Build | Farm |
| 17:29 | Create | Archer |
| 17:39 | Create | Villager (Male) |
| 18:16 | Create | Archer |
| 18:40 | Age | Castle Age |
| 18:42 | Research | Bodkin Arrow |
| 18:46 | Create | Villager (Male) |
| 18:58 | Create | Genitour |
| 18:58 | Create | Genitour |
| 18:58 | Create | Genitour |
| 19:03 | Create | Villager (Male) |
| 19:06 | Build | Archery Range |
| 19:22 | Build | Town Center |
| 19:30 | Create | Villager (Male) |
| 19:36 | Create | Villager (Male) |
| 19:42 | Create | Genitour |
| 19:42 | Create | Genitour |
| 19:42 | Create | Genitour |
| 19:54 | Create | Villager (Male) |
| 19:57 | Create | Genitour |
| 19:58 | Create | Genitour |
| 19:58 | Create | Genitour |
| 20:08 | Build | Farm |
| 20:20 | Create | Genitour |
| 20:21 | Create | Genitour |
| 20:26 | Create | Villager (Male) |
| 20:31 | Build | Farm |
| 20:35 | Create | Villager (Male) |
| 20:35 | Create | Villager (Male) |
| 20:36 | Create | Villager (Male) |
| 20:53 | Create | Villager (Male) |
| 21:02 | Build | Market |
| 21:05 | Create | Villager (Male) |
| 21:12 | Build | Farm |
| 21:12 | Build | Farm |
| 21:16 | Create | Villager (Male) |
| 21:22 | Build | Farm |
| 21:27 | Create | Villager (Male) |
| 21:39 | Build | Town Center |
| 21:42 | Create | Genitour |
| 21:42 | Create | Genitour |
| 21:48 | Create | Villager (Male) |
Build order — tomyam
First 150 of 559 actions detected
| 0:01 | Create | Villager (Male) |
| 0:01 | Create | Villager (Male) |
| 0:01 | Create | Villager (Male) |
| 0:02 | Build | House |
| 0:03 | Build | House |
| 0:11 | Create | Villager (Male) |
| 0:11 | Create | Villager (Male) |
| 1:26 | Create | Villager (Male) |
| 1:27 | Create | Villager (Male) |
| 1:50 | Create | Villager (Male) |
| 1:50 | Create | Villager (Male) |
| 1:50 | Create | Villager (Male) |
| 1:59 | Build | Lumber Camp |
| 2:25 | Create | Villager (Male) |
| 2:25 | Create | Villager (Male) |
| 2:52 | Create | Villager (Male) |
| 2:52 | Create | Villager (Male) |
| 2:52 | Create | Villager (Male) |
| 3:06 | Create | Villager (Male) |
| 3:06 | Create | Villager (Male) |
| 3:35 | Create | Villager (Male) |
| 3:51 | Build | House |
| 4:07 | Create | Villager (Male) |
| 4:11 | Create | Villager (Male) |
| 4:11 | Create | Villager (Male) |
| 4:57 | Create | Villager (Male) |
| 4:59 | Create | Villager (Male) |
| 5:00 | Create | Villager (Male) |
| 5:08 | Build | Barracks |
| 5:10 | Create | Villager (Male) |
| 5:11 | Create | Villager (Male) |
| 5:18 | Create | Villager (Male) |
| 5:51 | Build | House |
| 5:57 | Create | Villager (Male) |
| 6:04 | Build | Palisade Wall |
| 6:13 | Create | Militia |
| 6:13 | Create | Militia |
| 6:13 | Create | Villager (Male) |
| 6:24 | Build | Palisade Wall |
| 6:27 | Create | Villager (Male) |
| 6:53 | Create | Militia |
| 6:57 | Build | House |
| 6:59 | Build | Palisade Wall |
| 7:02 | Create | Villager (Male) |
| 7:27 | Create | Villager (Male) |
| 7:47 | Build | House |
| 7:49 | Build | Palisade Wall |
| 7:53 | Create | Villager (Male) |
| 8:17 | Build | Mill |
| 8:41 | Create | Villager (Male) |
| 8:51 | Create | Villager (Male) |
| 9:20 | Build | Mining Camp |
| 9:33 | Research | Feudal Age |
| 9:33 | Research | Feudal Age |
| 9:46 | Build | Farm |
| 11:25 | Build | Farm |
| 11:43 | Age | Feudal Age |
| 11:44 | Create | Villager (Male) |
| 11:49 | Build | Archery Range |
| 11:59 | Build | Blacksmith |
| 12:07 | Research | Loom |
| 12:08 | Create | Villager (Male) |
| 12:19 | Build | Farm |
| 12:31 | Build | Farm |
| 12:36 | Research | Double-Bit Axe |
| 12:36 | Research | Double-Bit Axe |
| 12:37 | Create | Archer |
| 12:45 | Create | Villager (Male) |
| 12:56 | Build | Farm |
| 13:03 | Research | Fletching |
| 13:04 | Create | Archer |
| 13:14 | Create | Archer |
| 13:27 | Create | Villager (Male) |
| 13:30 | Build | Farm |
| 13:32 | Build | Farm |
| 13:47 | Build | Farm |
| 14:04 | Create | Archer |
| 14:06 | Create | Villager (Male) |
| 14:08 | Build | House |
| 14:16 | Build | House |
| 14:29 | Build | Farm |
| 14:31 | Create | Villager (Male) |
| 14:31 | Create | Archer |
| 14:56 | Create | Villager (Male) |
| 14:58 | Create | Archer |
| 15:12 | Build | Archery Range |
| 15:25 | Research | Castle Age |
| 15:26 | Research | Castle Age |
| 15:27 | Create | Archer |
| 15:39 | Build | House |
| 15:40 | Build | House |
| 15:49 | Research | Padded Archer Armor |
| 15:49 | Research | Padded Archer Armor |
| 15:50 | Research | Padded Archer Armor |
| 15:51 | Create | Archer |
| 16:07 | Create | Archer |
| 16:16 | Build | House |
| 16:17 | Build | House |
| 16:40 | Create | Archer |
| 16:56 | Build | Palisade Gate |
| 17:02 | Create | Archer |
| 17:09 | Research | Gold Mining |
| 17:30 | Create | Archer |
| 18:01 | Create | Archer |
| 18:09 | Age | Castle Age |
| 18:09 | Research | Crossbowman (upgrade) |
| 18:11 | Create | Villager (Male) |
| 18:18 | Create | Archer |
| 18:27 | Research | Bodkin Arrow |
| 18:29 | Create | Villager (Male) |
| 18:42 | Create | Villager (Male) |
| 18:43 | Create | Villager (Male) |
| 18:46 | Build | Town Center |
| 19:08 | Create | Villager (Male) |
| 19:10 | Build | University |
| 19:25 | Create | Villager (Male) |
| 19:25 | Create | Villager (Male) |
| 19:28 | Research | Bow Saw |
| 19:28 | Research | Bow Saw |
| 19:39 | Create | Archer |
| 19:39 | Create | Archer |
| 19:51 | Create | Archer |
| 19:59 | Create | Villager (Male) |
| 20:08 | Create | Villager (Male) |
| 20:09 | Create | Villager (Male) |
| 20:24 | Create | Villager (Male) |
| 20:36 | Research | Ballistics |
| 20:36 | Research | Ballistics |
| 20:58 | Create | Villager (Male) |
| 20:59 | Create | Villager (Male) |
| 20:59 | Create | Villager (Male) |
| 21:15 | Research | Elite Skirmisher (upgrade) |
| 21:15 | Research | Elite Skirmisher (upgrade) |
| 21:16 | Create | Skirmisher |
| 21:16 | Create | Skirmisher |
| 21:16 | Create | Skirmisher |
| 21:25 | Create | Villager (Male) |
| 21:25 | Create | Villager (Male) |
| 21:33 | Build | House |
| 21:33 | Build | House |
| 21:37 | Create | Skirmisher |
| 21:45 | Create | Skirmisher |
| 21:52 | Create | Skirmisher |
| 21:52 | Create | Skirmisher |
| 21:52 | Create | Skirmisher |
| 22:04 | Build | Farm |
| 22:05 | Build | Farm |
| 22:10 | Research | Horse Collar |
| 22:11 | Research | Horse Collar |
| 22:11 | Research | Horse Collar |
Match timeline
| 5:08 | tomyam · first_building Barracks |
| 5:14 | Kiddo · wall_segment Palisade Wall x6 |
| 5:32 | Kiddo · wall_segment Palisade Wall x18 |
| 5:53 | Kiddo · wall_segment Palisade Wall x4 |
| 6:04 | tomyam · wall_segment Palisade Wall x6 |
| 6:16 | Kiddo · wall_segment Palisade Wall x6 |
| 6:24 | tomyam · wall_segment Palisade Wall x8 |
| 6:25 | Kiddo · wall_segment Palisade Wall x5 |
| 6:44 | Kiddo · wall_segment Palisade Wall x4 |
| 6:55 | Kiddo · wall_segment Palisade Wall x1 |
| 6:59 | tomyam · wall_segment Palisade Wall x5 |
| 7:49 | tomyam · wall_segment Palisade Wall x13 |
| 8:38 | Kiddo · first_building Barracks |
| 9:16 | Kiddo · age_up feudal |
| 9:38 | Kiddo · first_building Archery Range |
| 10:57 | Kiddo · wall_segment Palisade Wall x1 |
| 11:43 | tomyam · age_up feudal |
| 11:49 | tomyam · first_building Archery Range |
| 12:32 | Kiddo · wall_segment Palisade Wall x5 |
| 12:37 | Kiddo · wall_segment Palisade Wall x6 |
| 13:03 | Kiddo · wall_segment Palisade Wall x1 |
| 13:08 | Kiddo · wall_segment Palisade Wall x1 |
| 13:11 | Kiddo · wall_segment Palisade Wall x1 |
| 13:12 | Kiddo · wall_segment Palisade Wall x1 |
| 13:35 | Kiddo · wall_segment Palisade Wall x7 |
| 14:34 | Kiddo · wall_segment Palisade Wall x1 |
| 14:59 | Kiddo · wall_segment Palisade Wall x1 |
| 18:09 | tomyam · age_up castle |
| 18:40 | Kiddo · age_up castle |
| 21:30 | Kiddo · first_market_buy 100 wood |
| 23:52 | Kiddo · first_building Siege Workshop |
| 24:18 | tomyam · first_building Siege Workshop |
| 25:42 | Kiddo · first_building Stable |
| 26:22 | Kiddo · first_market_sell 100 wood |
| 28:23 | tomyam · first_market_buy 100 food |
| 29:58 | tomyam · first_building Monastery |
| 30:16 | Kiddo · first_building Monastery |
| 31:24 | Kiddo · wall_segment Stone Wall x8 |
| 31:25 | Kiddo · wall_segment Stone Wall x1 |
| 33:28 | tomyam · first_market_sell 100 wood |
| 34:30 | Kiddo · first_building Castle |
| 35:56 | tomyam · wall_segment Palisade Wall x1 |
| 35:58 | tomyam · wall_segment Palisade Wall x1 |
| 36:47 | tomyam · first_building Castle |
| 36:47 | tomyam · age_up imperial |
| 37:39 | Kiddo · age_up imperial |
| 40:02 | Kiddo · wall_segment Stone Wall x15 |
| 44:38 | tomyam · resign |
[ AI ANALYSIS · 1 CREDIT ]
What really happened in this match?
Wolo.gg analyzes every decision: build order, eco, micro, common mistakes by bracket. Personalized analysis on WhatsApp or Discord in 30 seconds.
Civ guide
Berbers
Perfil
Kiddo